 Dungeon Crawl Stone Soup version 0.22.1-1-ga44c0e5 (webtiles) character file.

27440 brandon the Warrior (level 13, -4/126 HPs)
             Began as a Minotaur Berserker on Oct 1, 2018.
             Was a High Priest of Trog.
             Slain by a spriggan rider
             ... wielding a +0 spear
              (14 damage)
             ... on level 4 of the Lair of Beasts.
             The game lasted 00:43:23 (14040 turns).

brandon the Warrior (Minotaur Berserker)           Turns: 14040, Time: 00:43:24

Health: -4/126     AC: 16    Str: 24    XL:     13   Next: 4%
Magic:  4/4        EV: 10    Int:  4    God:    Trog [*****.]
Gold:   1174       SH:  5    Dex: 13    Spells: 12/12 levels left

rFire    + . .     SeeInvis .   W - +2 battleaxe (antimagic)
rCold    . . .     Gourm    .   (shield currently unavailable)
rNeg     . . .     Faith    .   y - +0 plate armour
rPois    .         Spirit   .   V - +1 hat
rElec    .         Reflect  +   p - scarf {repulsion}
rCorr    .         Harm     .   (no gloves)
MR       +....                  (no boots)
Stlth    ..........             u - +5 amulet of reflection
HPRegen  0.31/turn              K - ring of protection from magic
MPRegen  0.09/turn              r - ring of protection from fire

@: berserk cooldown, very slightly contaminated, slowed, studying Long Blades,
repel missiles, very slow
A: retaliatory headbutt, horns 2
a: Berserk, Trog's Hand, Brothers in Arms, Renounce Religion


You were on level 4 of the Lair of Beasts.
You worshipped Trog.
Trog was extremely pleased with you.
You were not hungry.

You visited 2 branches of the dungeon, and saw 15 of its levels.

You collected 1262 gold pieces.
You spent 88 gold pieces at shops.

Inventory:

Hand Weapons
 m - a +3 dire flail of protection
 x - a +3 dagger of flaming
 W - a +2 antimagic battleaxe (weapon)
Missiles
 o - 44 tomahawks (quivered)
 P - a tomahawk of dispersal
Armour
 p - a scarf of repulsion (worn)
 y - a +0 plate armour (worn)
 T - a +2 cloak
 U - a cursed +0 shield
 V - a +1 hat (worn)
Jewellery
 a - an uncursed ring of protection from fire
 r - a ring of protection from fire (right hand)
 u - a +5 amulet of reflection (around neck)
 H - an uncursed ring of positive energy
 K - a ring of protection from magic (left hand)
 O - an uncursed ring of ice
Wands
 s - a wand of digging (26)
 B - a wand of paralysis (13)
 D - a wand of random effects (47)
 E - a wand of acid (22)
 N - a wand of enslavement (12)
Scrolls
 b - 2 scrolls of fear {unknown}
 e - 2 scrolls of magic mapping {unknown}
 f - 2 scrolls of fog {unknown}
 g - 6 scrolls of identify
 h - 4 scrolls of immolation
 n - 2 scrolls of random uselessness {unknown}
 q - 5 scrolls of enchant armour
 t - 7 scrolls of remove curse
 v - 6 scrolls of blinking
 z - a scroll of amnesia {unknown}
 F - 2 scrolls of torment {unknown}
 G - 2 scrolls of enchant weapon {unknown}
 M - 5 scrolls of teleportation
 R - a scroll of summoning {unknown}
Potions
 d - 6 potions of heal wounds
 i - 5 potions of ambrosia
 j - a potion of magic {unknown}
 k - a potion of lignification {unknown}
 l - 4 potions of invisibility
 w - 5 potions of brilliance
 A - 2 potions of agility
 C - 6 potions of curing
 I - 4 potions of cancellation
 J - a potion of haste {unknown}
 L - 2 potions of mutation
 S - a potion of might {unknown}
Books
 X - a manual of Long Blades
Miscellaneous
 Q - a fan of gales
Comestibles
 c - 24 rations


   Skills:
 * Level 15.1 Fighting
 * Level 8.2(12.3) Axes
 - Level 14.4(15.1) Maces & Flails
 + Level 11.6 Armour
 * Level 6.4 Dodging
 - Level 1.2 Stealth
 - Level 2.8 Shields


You had 12 spell levels left.
You didn't know any spells.
Your spell library contained the following spells:

 Spells                   Type           Power        Failure   Level  Hunger
 Animate Skeleton         Necr           N/A          99%         1    ##.....
 Apportation              Tloc           #.....       99%         1    ##.....
 Confusing Touch          Hex            #.....       99%         1    ##.....
 Freeze                   Ice            #...         99%         1    ##.....
 Pain                     Necr           #...         99%         1    ##.....
 Summon Small Mammal      Summ           #...         99%         1    ##.....
 Throw Frost              Conj/Ice       #.....       100%        2    ###....
 Ozocubu's Armour         Chrm/Ice       #.......     100%        3    ####...
 Regeneration             Chrm/Necr      #.........   100%        3    ####...
 Vampiric Draining        Necr           #.........   100%        3    ####...
 Animate Dead             Necr           N/A          100%        4    #####..
 Summon Ice Beast         Ice/Summ       #.......     100%        4    #####..
 Throw Icicle             Conj/Ice       #.......     100%        4    #####..
 Irradiate                Conj/Tmut      #.........   100%        5    ######.
 Hydra Form               Tmut           #.........   100%        6    #######
 Statue Form              Tmut/Erth      #........    100%        6    #######
 Dragon Form              Tmut           #.........   100%        7    #######


Dungeon Overview and Level Annotations

Branches:
Dungeon (11/15)            Temple (0/1) D:4            Lair (4/6) D:10
 Shoals (0/4) Lair:2        Snake (0/4) Lair:2          Orc (0/2) D:10

Altars:
Ashenzari
Cheibriados
Dithmenos
Fedhas
Kikubaaqudgha
Makhleb
Nemelex Xobeh
Qazlal
Ru
Vehumet
The Shining One

Shops:
D:5 !   D:10 *

Portals:
Trove: D:10 (give 7 potions of agility)


Innate Abilities, Weirdness & Mutations

You reflexively headbutt those who attack you in melee.
You have a pair of horns on your head.


Message History

You barely miss the blink frog. You headbutt the blink frog!
You kill the blink frog!
Trog accepts your kill.
The water moccasin bites your two-headed ogre.
The spiny frog stings your two-headed ogre!!
Your two-headed ogre dies!
Your two-headed ogre's corpse disappears in a puff of smoke!
The blink frog blinks!
You feel a strong urge to attack something.
You are no longer berserk.
You are exhausted.
You feel yourself slow down.
Blink to where?
Press: ? - help, Dir - move target cursor You are very lightly contaminated with residual magic.
As you read the scroll of blinking, it crumbles to dust.
The spriggan rider hits you from afar with a spear!
* * * LOW HITPOINT WARNING * * *
The spriggan rider hits you from afar with a spear!
You die...

.......## ##.##..#### ###P..#
........##
#.........###P#....
.......#.#
##........P##....##
........## #.............#.##
.......P.###
##.........#..###
.........#.#####.......#.####
......##...#..##.....#P###
.....####.#.......#.####
.##### ######..@#.## ##
#..#.## #.i..## ##P..P#
##.S### ##...# ##F.## #...#
♣h #.F.# . .


You could see a spriggan rider, a spiny frog and a water moccasin.

Vanquished Creatures
  The ghost of Tuusy the Warrior, a journeyman MfBe of Trog (Lair:3)
  The ghost of Cokhlaqa the Bludgeoner, a journeyman MiFi of Okawaru (Lair:3)
  Erolcha (D:9)
  A two-headed ogre (D:11)
  2 merfolk sirens (Lair:2)
  A black mamba (Lair:2)
  2 molten gargoyles (Lair:3)
  4 centaur skeletons
  6 spiny frogs
  4 komodo dragons
  A merfolk (Lair:2)
  A troll (D:10)
  A hornet (D:10)
  5 blink frogs
  4 hippogriffs
  5 wyverns
  2 vampires
  8 spriggans (D:10)
  A wraith (D:9)
  Eustachio (D:5)
  28 yaks
  A hungry ghost (D:8)
  A steam dragon (D:9)
  Edmund (D:5)
  3 nagas (Lair:2)
  4 water moccasins (Lair:2)
  2 porcupines
  5 orc warriors
  3 sky beasts
  3 ice beasts
  A black bear (D:10)
  4 phantoms
  3 ogres
  38 wolves
  2 centaurs
  3 crocodiles
  10 bullfrogs
  6 scorpions
  5 killer bees (D:10)
  3 howler monkeys
  An electric eel (D:11)
  3 crimson imps
  5 lava snakes (Lair:3)
  A quasit (D:10)
  4 jellies
  7 orc priests
  5 hounds
  15 orc wizards
  2 iron imps (D:4)
  Jessica (D:2)
  3 iguanas
  Ijyb (D:5)
  5 worker ants
  2 hound skeletons
  A hound zombie (D:6)
  7 adders
  A howler monkey skeleton (D:6)
  2 shadow imps
  2 oozes
  A worm (D:5)
  5 dart slugs
  5 leopard geckos
  62 orcs
  8 bats
  7 giant cockroaches
  9 goblins
  5 hobgoblins
  15 jackals
  7 kobolds
  2 quokkas
  2 ball pythons
  3 frilled lizards
  2 leopard gecko zombies
  2 rats
  3 fungi (D:7)
  A plant (D:7)
385 creatures vanquished.

Vanquished Creatures (collateral kills)
  A hydra (Lair:4)
  6 yaks (D:11)
  5 wolves (Lair:4)
12 creatures vanquished.

Vanquished Creatures (others)
  A human (D:4)
  An orc (D:10)
  A jackal (D:9)
  3 fungi
  A plant (Lair:2)
7 creatures vanquished.

Grand Total: 404 creatures vanquished

Notes
Turn   | Place    | Note
-------+----------+-------------------------------------------
     0 | D:1      | brandon the Minotaur Berserker began the quest for the Orb.
     0 | D:1      | Reached XP level 1. HP: 19/19 MP: 0/0
    73 | D:1      | Reached XP level 2. HP: 16/27 MP: 1/1
   206 | D:1      | Reached skill level 4 in Fighting
   403 | D:1      | Reached XP level 3. HP: 28/33 MP: 2/2
   540 | D:1      | Reached ** piety under Trog
   683 | D:2      | Noticed Jessica
   691 | D:2      | Killed Jessica
   691 | D:2      | Reached XP level 4. HP: 41/41 MP: 3/3
  1343 | D:3      | Reached skill level 5 in Axes
  1704 | D:3      | Reached skill level 5 in Fighting
  1704 | D:3      | Reached XP level 5. HP: 31/48 MP: 4/4
  1865 | D:3      | Found a radiant altar of Vehumet.
  2028 | D:3      | Found a stormy altar of Qazlal.
  2036 | D:3      | Found a snail-covered altar of Cheibriados.
  2039 | D:3      | Found a sparkling altar of Nemelex Xobeh.
  2356 | D:4      | Noticed an ogre
  2370 | D:4      | Killed an ogre
  2370 | D:4      | Reached XP level 6. HP: 56/56 MP: 5/5
  2581 | D:4      | Found a burning altar of Makhleb.
  2608 | D:4      | Reached *** piety under Trog
  2642 | D:4      | Found a staircase to the Ecumenical Temple.
  2715 | D:4      | Found an ancient bone altar of Kikubaaqudgha.
  2716 | D:4      | Noticed a human
  2718 | D:4      | Killed a human
  2778 | D:4      | Found a shadowy altar of Dithmenos.
  2778 | D:4      | Found a glowing golden altar of the Shining One.
  2953 | D:5      | Entered Level 5 of the Dungeon
  2986 | D:5      | Reached skill level 6 in Fighting
  3118 | D:5      | Noticed Ijyb
  3121 | D:5      | Paralysed by Ijyb for 4 turns
  3128 | D:5      | Paralysed by Ijyb for 3 turns
  3134 | D:5      | Killed Ijyb
  3179 | D:5      | Reached XP level 7. HP: 60/64 MP: 6/6
  3262 | D:5      | Noticed Edmund
  3282 | D:5      | Killed Edmund
  3431 | D:5      | Reached skill level 1 in Maces & Flails
  3431 | D:5      | Reached skill level 5 in Armour
  3546 | D:5      | Reached skill level 7 in Fighting
  3597 | D:5      | Found Etap's Distillery.
  3605 | D:5      | Bought a potion of heal wounds for 55 gold pieces
  3605 | D:5      | Bought a potion of curing for 33 gold pieces
  3622 | D:5      | Noticed Eustachio
  3631 | D:5      | Killed Eustachio
  3954 | D:6      | Reached XP level 8. HP: 74/74 MP: 7/7
  4092 | D:6      | Reached skill level 8 in Fighting
  4126 | D:6      | Found a shattered altar of Ashenzari.
  4564 | D:6      | Reached skill level 5 in Maces & Flails
  4831 | D:7      | Found a blossoming altar of Fedhas.
  5117 | D:7      | Reached skill level 9 in Fighting
  5123 | D:7      | Reached **** piety under Trog
  5190 | D:7      | Reached XP level 9. HP: 80/83 MP: 8/8
  6415 | D:9      | Reached skill level 10 in Fighting
  6478 | D:9      | Reached ***** piety under Trog
  6848 | D:9      | Found a sacrificial altar of Ru.
  6939 | D:9      | Reached XP level 10. HP: 71/94 MP: 9/9
  7199 | D:9      | Found a sparkling altar of Nemelex Xobeh.
  7559 | D:10     | Entered Level 10 of the Dungeon
  7559 | D:10     | Noticed Erolcha
  7565 | D:9      | Killed Erolcha
  7565 | D:9      | Reached skill level 11 in Fighting
  7893 | D:10     | Reached skill level 10 in Maces & Flails
  7990 | D:10     | Found a staircase to the Orcish Mines.
  8135 | D:10     | Reached skill level 12 in Fighting
  8293 | D:10     | Reached XP level 11. HP: 99/105 MP: 10/10
  8322 | D:10     | Found Mushrock's Assorted Antiques.
  8734 | D:10     | Found a portal to a secret trove of treasure.
  8845 | D:10     | Found a staircase to the Lair.
  8886 | D:10     | Paralysed by a hornet for 3 turns
  9464 | D:11     | Noticed a two-headed ogre
  9473 | D:11     | Killed a two-headed ogre
  9691 | D:11     | Reached skill level 13 in Fighting
  9705 | D:11     | Reached skill level 1 in Stealth
 10152 | Lair:1   | Entered Level 1 of the Lair of Beasts
 10198 | Lair:1   | Reached skill level 10 in Armour
 11543 | Lair:2   | Found a staircase to the Snake Pit.
 11626 | Lair:2   | Reached XP level 12. HP: 97/116 MP: 11/11
 11708 | Lair:2   | Reached skill level 1 in Shields
 11712 | Lair:2   | Reached skill level 14 in Fighting
 11735 | Lair:2   | Reached skill level 5 in Dodging
 12204 | Lair:2   | Found a staircase to the Shoals.
 13034 | Lair:3   | Received a gift from Trog
 13041 | Lair:3   | Found a runed gate.
 13282 | Lair:3   | Found a runed gate.
 13284 | Lair:3   | Found a runed gate.
 13286 | Lair:3   | Noticed Tuusy's ghost (journeyman MfBe)
 13287 | Lair:3   | Noticed Cokhlaqa's ghost (journeyman MiFi)
 13312 | Lair:3   | Killed Cokhlaqa's ghost
 13315 | Lair:3   | Killed Tuusy's ghost
 13315 | Lair:3   | Reached skill level 15 in Fighting
 13717 | Lair:4   | Noticed a seven-headed hydra
 13726 | Lair:4   | Killed a seven-headed hydra
 14021 | Lair:4   | Reached XP level 13. HP: 67/126 MP: 4/12
 14040 | Lair:4   | Slain by a spriggan rider

Skill      XL: |  1  2  3  4  5  6  7  8  9 10 11 12 |
---------------+-------------------------------------+-----
Axes           | 4 5 6 7 8 |  8.2
Fighting       | 4 5 6 7 9 10 12 13 15 | 15.1
Armour         | 3 4 5 6 8 9 10 11 | 11.6
Dodging        | 3 4 6 |  6.4
Maces & Flails | 2 6 9 11 13 14 | 14.4
Stealth        | 1 |  1.2
Shields        | 2 |  2.8

Action                   |  1- 3 |  4- 6 |  7- 9 | 10-12 | 13-15 || total
-------------------------+-------+-------+-------+-------+-------++-------
Melee: Hand axe          |    48 |   176 |    18 |       |       ||   242
       Headbutt          |     7 |    26 |    62 |   147 |     3 ||   245
       Dire flail        |       |       |   275 |   612 |       ||   887
       Battleaxe         |       |       |       |    36 |    11 ||    47
Invok: Berserk           |     1 |     1 |     2 |     6 |       ||    10
       Brothers in Arms  |       |       |       |     3 |       ||     3
  Use: Scroll            |       |       |     1 |    10 |     1 ||    12
 Stab: Distracted        |       |       |       |     1 |       ||     1
  Eat: Chunk             |       |     9 |     7 |    16 |       ||    32
       Ration            |       |       |     3 |     4 |       ||     7
Armor: Animal skin       |    10 |       |       |       |       ||    10
       Chain mail        |     2 |    65 |       |       |       ||    67
       Plate armour      |       |    35 |   189 |   315 |     8 ||   547
Dodge: Dodged            |    37 |    74 |   104 |   232 |     5 ||   452
       Deflected         |       |     3 |     4 |    11 |       ||    18
Block: Other             |       |       |       |   127 |     3 ||   130
       Reflection        |       |       |       |     1 |       ||     1
